 Dungeon Crawl Stone Soup version 0.26.0-15-gc6cd9f700b (webtiles) character file.

Game seed: 1957530107733393133

46 teolandon225 the Chopper (level 3, -1/33 HPs)
             Began as a Hill Orc Monk on Jan 15, 2021.
             Killed from afar by an orc wizard (5 damage)
             ... with a puff of frost
             ... on level 4 of the Dungeon.
             The game lasted 00:02:55 (1771 turns).

teolandon225 the Chopper (Hill Orc Monk)            Turns: 1771, Time: 00:02:56

Health: -1/33      AC:  7    Str: 14    XL:     3   Next: 66%
Magic:  3/3        EV: 14    Int: 10    God:
Gold:   1          SH:  3    Dex: 13    Spells: 2/2 levels left

rFire    . . .     SeeInvis .   a - +0 hand axe
rCold    . . .     Faith    .   j - +0 buckler
rNeg     . . .     Spirit   .   f - +0 leather armour
rPois    .         Reflect  .   (no helmet)
rElec    .         Harm     .   (no cloak)
rCorr    .         Rampage  .   (no gloves)
Will     .....                  (no boots)
Stlth    ++........             (no amulet)
HPRegen  0.11/turn              (no ring)
MPRegen  0.08/turn              (no ring)

@: mighty, slowed, very slow
A: repulsion field 1, molten scales 1, thin metallic scales 1, wild magic 1
a: no special abilities


You were on level 4 of the Dungeon.
You visited 1 branch of the dungeon, and saw 3 of its levels.

You collected 1 gold pieces.

Inventory:

Hand Weapons
 a - a +0 hand axe (weapon)
Armour
 b - a +0 robe
 f - a +0 leather armour (worn)
 j - a +0 buckler (worn)
Scrolls
 d - a scroll of remove curse {unknown}
 e - 3 scrolls of random uselessness {unknown}
 i - a scroll of identify {unknown}
Potions
 c - a potion of might
 h - a potion of brilliance {unknown}
 k - a potion of curing {unknown}


   Skills:
 + Level 4.0 Fighting
 * Level 4.9 Axes
 + Level 1.2 Armour
 + Level 2.7 Dodging
 - Level 1.5 Stealth
 + Level 0.1 Shields


You had 2 spell levels left.
You didn't know any spells.
Your spell library was empty.

Dungeon Overview and Level Annotations

Branches:
Dungeon (2/15)

Altars:


Innate Abilities, Weirdness & Mutations

You are surrounded by a mild repulsion field. (EV +2)
You are partially covered in molten scales. (AC +2)
You are partially covered in thin metallic scales. (AC +2)
Your spells are a little harder to cast, but a little more powerful.


Message History

Something hits you. The orc wizard casts a spell at you.
The magic dart hits something!
A magic dart appears from out of thin air!
The magic dart hits you.
* * * LOW HITPOINT WARNING * * *
Something hits you.
* * * LOW HITPOINT WARNING * * *
It was a potion of might.
You feel very mighty all of a sudden. Something hits you but does no damage.
Something barely misses you.
It was a potion of mutation.
You feel extremely strange.
Molten scales grow over part of your body.
Thin metallic scales grow over part of your body.
You begin to radiate repulsive energy.
You feel less in control of your magic. Something hits you but does no damage.
You hear some strange, mumbled words.
A puff of frost appears from out of thin air!
The puff of frost hits you.
You die...

######### ######
#..@{ooo# #....#
#.#####.#
####.#####.# #.#
#..........#
#o###########
####.#####.#
#...{o.o....# ####.#
#<#####.#########.##
#>...# #....####
#... #############.#
##o. #.......#
#..### ...


You could see an orc wizard (fast) and 2 orcs.

Vanquished Creatures
  An adder (D:4)
  A dart slug (D:1)
  A giant cockroach (D:1)
  4 goblins
  3 hobgoblins
  9 jackals
  A kobold (D:2)
  A quokka (D:4)
  6 bats (D:1)
  A frilled lizard (D:4)
  A leopard gecko skeleton (D:4)
  A rat (D:1)
30 creatures vanquished.

Notes
Turn   | Place    | Note
-------+----------+-------------------------------------------
     0 | D:1      | teolandon225 the Hill Orc Monk began the quest for the Orb.
     0 | D:1      | Reached XP level 1. HP: 19/19 MP: 1/1
   367 | D:1      | Reached XP level 2. HP: 21/27 MP: 2/2
   870 | D:1      | Reached skill level 1 in Armour
   911 | D:1      | Reached XP level 3. HP: 30/33 MP: 3/3
  1505 | D:2      | You fall into a shaft and drop 2 floors!
  1771 | D:4      | Gained mutation: You are partially covered in molten
                  | scales. (AC +2) [potion of mutation]
  1771 | D:4      | Gained mutation: You are partially covered in thin metallic
                  | scales. (AC +2) [potion of mutation]
  1771 | D:4      | Gained mutation: You are surrounded by a mild repulsion
                  | field. (EV +2) [potion of mutation]
  1771 | D:4      | Gained mutation: Your spells are a little harder to cast,
                  | but a little more powerful. [potion of mutation]
  1771 | D:4      | Killed from afar by an orc wizard

Illustrated notes

Levels and vault maps discovered:
D:1:      minmay_arrival_solitary_statue, layout_loops_ring
D:2:      layout_basic, chequers_garden, uniq_robin
D:4:      layout_loops_cross, lemuel_doored_altar, kennysheep_vampire_church,
          minmay_crossroads, uniq_natasha

Skill      XL: |  1  2  3 |
---------------+----------+-----
Armour         | 1 |  1.2
Fighting       | 4 |  4.0
Axes           | |  4.9
Dodging        | |  2.7
Stealth        | |  1.5
Shields        | |  0.1

Action                   || total
-------------------------++-------
Melee: Hand axe          ||   128
  Use: Potion            ||     2
 Stab: Sleeping          ||     3
Armor: Robe              ||    13
       Leather armour    ||    14
Dodge: Dodged            ||    97
